 Dungeon Crawl Stone Soup version 0.24.0-123-gd5b16e6ec5 (webtiles) character file.

Game seed: 16356476118174801940, levelgen mode: deterministic

3502 Peloso the Blocker (level 9, -5/78 HPs)
             Began as a Minotaur Fighter on Jan 24, 2020.
             Was an Initiate of Okawaru.
             Slain by a death yak (10 damage)
             ... on level 9 of the Dungeon.
             The game lasted 00:16:26 (8296 turns).

Peloso the Blocker (Minotaur Fighter)               Turns: 8296, Time: 00:16:27

Health: -5/78      AC: 15    Str: 28    XL:     9   Next: 80%
Magic:  0/8        EV:  8    Int:  8    God:    Okawaru [......]
Gold:   501        SH: 13    Dex: 11    Spells: 8/8 levels left

rFire    . . .     SeeInvis .   a - +3 falchion (curse)
rCold    . . .     Gourm    .   c - +1 shield
rNeg     . . .     Faith    .   G - +0 plate armour
rPois    .         Spirit   +   (helmet restricted)
rElec    .         Reflect  .   (no cloak)
rCorr    .         Harm     .   (no gloves)
MR       +....                  l - +0 pair of boots
Stlth    ..........             w - amulet of guardian spirit
HPRegen  0.23/turn              A - +3 ring of intelligence
MPRegen  0.11/turn              h - ring of protection from magic

@: mighty, studying Slings
A: retaliatory headbutt, horns 2
a: Renounce Religion


You were on level 9 of the Dungeon.
You worshipped Okawaru.
Okawaru was noncommittal.
You were hungry.

You visited 2 branches of the dungeon, and saw 10 of its levels.
You also visited: Sewer.

You collected 501 gold pieces.

Inventory:

Hand Weapons
 a - a cursed +3 falchion (weapon)
 H - a cursed -1 rapier
Armour
 b - a +0 scale mail
 c - a +1 shield (worn)
 l - a +0 pair of boots (worn)
 m - a +0 chain mail
 G - a +0 plate armour (worn)
Jewellery
 h - a ring of protection from magic (right hand)
 j - an uncursed ring of ice
 k - an uncursed ring of positive energy
 n - an uncursed ring of fire
 w - an amulet of guardian spirit (around neck)
 A - a +3 ring of intelligence (left hand)
 B - an uncursed ring of protection from fire
Wands
 p - a wand of acid (20)
 E - a wand of random effects (7)
Scrolls
 e - a scroll of random uselessness {unknown}
 o - 3 scrolls of amnesia
 v - 4 scrolls of remove curse
 x - a scroll of blinking {unknown}
 y - 4 scrolls of teleportation {unknown}
 D - a scroll of enchant weapon
 F - a scroll of magic mapping {unknown}
Potions
 d - 2 potions of might
 i - 4 potions of curing
 q - 4 potions of magic
 s - a potion of flight
 t - 2 potions of cancellation
 u - 2 potions of berserk rage
 z - a potion of heal wounds
 C - a potion of mutation
 I - a potion of haste
Books
 r - a manual of Slings
Comestibles
 f - 7 rations


   Skills:
 + Level 6.9 Fighting
 + Level 9.8 Long Blades
 + Level 8.6 Armour
 + Level 2.7 Dodging
 + Level 0.5 Stealth
 + Level 9.9 Shields


You had 8 spell levels left.
You didn't know any spells.
Your spell library contained the following spells:

 Spells                   Type           Power        Failure   Level  Hunger
 Magic Dart               Conj           #...         100%        1    ##.....
 Searing Ray              Conj           #.....       100%        2    ###....
 Dazzling Spray           Conj/Hex       #.....       100%        3    ####...
 Force Lance              Conj/Tloc      #.......     100%        4    #####..
 Fulminant Prism          Conj/Hex       #.........   100%        4    #####..
 Iskenderun's Mystic Bla  Conj           #.......     100%        4    #####..


Dungeon Overview and Level Annotations

Branches:
Dungeon (9/15)             Temple (1/1) D:7           Sewer (visited)
   Lair: D:8-11         Orc: D:9-12

Altars:
Ashenzari
Cheibriados
Dithmenos
Elyvilon
Fedhas
Gozag
Hepliaklqana
Kikubaaqudgha
Makhleb
Nemelex Xobeh
Okawaru
Qazlal
Ru
Sif Muna
Trog
Uskayaw
Vehumet
Wu Jian
Xom
Yredelemnul
Zin
The Shining One

Shops:
D:7 %

Annotations:
D:6 2 runed translucent doors, exaltech's ghost, amateur DrFE


Innate Abilities, Weirdness & Mutations

You reflexively headbutt those who attack you in melee.
You have a pair of horns on your head.


Message History

You slash the death yak! Your headbutt misses the death yak.
The death yak is moderately wounded.
The death yak gores you.
A rat comes into view.
Your shield and plate armour prevent you from hitting the death yak.
The death yak is moderately wounded.
You block the death yak's attack.
A phantom comes into view.
A river rat comes into view.
You feel very mighty all of a sudden. The death yak gores you!!
An ice beast comes into view.
The death yak snorts and paws the ground.
You barely miss the death yak. You headbutt the death yak!!
The death yak is heavily wounded.
The death yak gores you!!
* * * LOW HITPOINT WARNING * * *
You hit the death yak. You headbutt the death yak.
The death yak is heavily wounded.
The death yak gores you!
You die...

......
.
..r..#.
.rr.Y.
..Wr#
.r.#


rY# #Y# #Y# #@# #.# #<# #.# ### You could see 3 death yaks, a phantom, an ice
beast, a hell rat, a river rat and 3 rats.

Vanquished Creatures
  Prince Ribbit (D:6)
  Eustachio (D:6)
  Sigmund (D:6)
  A hungry ghost (D:7)
  A porcupine (D:9)
  An ice beast (D:8)
  An orc warrior (D:7)
  A phantom (D:7)
  A black bear (D:6)
  5 ogres
  A sky beast (D:8)
  A centaur (D:8)
  Blork the orc (D:6)
  A bullfrog (Sewer)
  2 scorpions (D:4)
  6 wights
  2 howler monkeys (D:6)
  2 bullfrog zombies
  4 hounds
  8 orc wizards
  2 bullfrog skeletons
  A centaur skeleton (D:6)
  2 orc priests (D:6)
  Terence (D:3)
  2 iguanas
  15 worker ants
  A howler monkey zombie (D:5)
  3 worker ant zombies (D:5)
  4 gnolls (D:6)
  4 adders
  6 oozes
  An adder zombie (D:6)
  6 worms
  7 dart slugs
  8 leopard geckos
  18 orcs
  6 bats (D:1)
  11 giant cockroaches
  9 goblins
  8 hobgoblins
  7 jackals
  6 quokkas
  6 ball pythons
  4 frilled lizards
  7 kobolds
  7 rats
194 creatures vanquished.

Notes
Turn   | Place    | Note
-------+----------+-------------------------------------------
     0 | D:1      | Peloso the Minotaur Fighter began the quest for the Orb.
     0 | D:1      | Reached XP level 1. HP: 19/19 MP: 0/0
    56 | D:1      | Reached XP level 2. HP: 6/27 MP: 1/1
   522 | D:1      | Reached XP level 3. HP: 33/33 MP: 2/2
  1511 | D:2      | Reached XP level 4. HP: 40/40 MP: 3/3
  2398 | D:3      | Noticed Terence
  2413 | D:3      | Killed Terence
  2413 | D:3      | Reached skill level 5 in Shields
  2570 | D:3      | Found a glowing drain.
  2586 | D:3      | Reached XP level 5. HP: 43/46 MP: 4/4
  2589 | Sewer    | Entered a sewer
  3284 | D:3      | Reached skill level 1 in Dodging
  3341 | D:3      | Found a snail-covered altar of Cheibriados.
  3698 | D:4      | Noticed an ogre
  3702 | D:4      | Killed an ogre
  3702 | D:4      | Reached skill level 5 in Armour
  3702 | D:4      | Reached XP level 6. HP: 53/53 MP: 5/5
  3731 | D:4      | Reached skill level 5 in Long Blades
  3915 | D:4      | HP: 2/53 [poisoned by a scorpion]
  3921 | D:4      | Reached XP level 7. HP: 15/60 MP: 6/6
  4842 | D:5      | Entered Level 5 of the Dungeon
  5116 | D:5      | Reached skill level 5 in Fighting
  5312 | D:6      | Found a burning altar of Makhleb.
  5326 | D:6      | Noticed Prince Ribbit
  5345 | D:6      | Killed Prince Ribbit
  5345 | D:6      | Reached XP level 8. HP: 28/68 MP: 2/7
  5380 | D:6      | Found a hazy altar of Hepliaklqana.
  5669 | D:6      | Noticed Sigmund
  5705 | D:6      | HP: 2/69 [something/puff of flame (3)]
  5707 | D:6      | Killed Sigmund
  5931 | D:6      | Noticed Eustachio
  5954 | D:6      | Noticed Blork the orc
  5964 | D:6      | Killed Blork the orc
  5987 | D:6      | Killed Eustachio
  6156 | D:6      | Reached XP level 9. HP: 70/75 MP: 8/8
  6321 | D:6      | Found a large runed translucent door.
  6321 | D:6      | Found a large runed translucent door.
  6323 | D:6      | Noticed exaltech's ghost (amateur DrFE)
  7071 | D:7      | Found a sparkling altar of Nemelex Xobeh.
  7079 | D:7      | Found a shattered altar of Ashenzari.
  7081 | D:7      | Found a bloodstained altar of Trog.
  7081 | D:7      | Found a burning altar of Makhleb.
  7083 | D:7      | Found a shimmering altar of Xom.
  7086 | D:7      | Found a hazy altar of Hepliaklqana.
  7169 | D:7      | Found Oryah's Food Emporium.
  7292 | D:7      | Found a staircase to the Ecumenical Temple.
  7308 | Temple   | Entered the Ecumenical Temple
  7383 | Temple   | Became a worshipper of Warmaster Okawaru
  8277 | D:9      | Noticed a death yak
  8284 | D:9      | Noticed a death yak
  8286 | D:9      | Noticed a troll
  8289 | D:9      | Noticed a death yak
  8296 | D:9      | Slain by a death yak

Levels and vault maps discovered:
D:1:      lightli_arrival_maybe_door_vault, layout_basic, serial_bayou,
          serial_bayou_pond_c, serial_bayou_pond_e, serial_bayou_ford_a,
          serial_bayou_pond_e
D:2:      layout_basic, minmay_close_crescents
D:3:      layout_loops_corners, kennysheep_slug_shrine,
          cheibrodos_sewer_entry_bend, uniq_terence
D:4:      layout_loops_corners, minmay_manual_monstrance
D:5:      layout_rooms, first_ration
D:6:      layout_loops_ring, basic_altar, ebering_ghost_disaster_area,
          lemuel_altar_in_water, uniq_blork_the_orc, uniq_prince_ribbit1,
          uniq_eustachio, uniq_sigmund
D:7:      layout_cave_pods, minitemple, minmay_temple_entry_overgrown,
          serial_shops, nicolae_shop_behind_doors
D:8:      layout_rooms
D:9:      layout_small_grid, dpeg_lair_monsters, hangedman_ranch
          [blue_anna_fruit_fields], grunt_dithmenos_smoke
Temple:   regret_index_temple_waves

Skill      XL: |  1  2  3  4  5  6  7  8  9 |
---------------+----------------------------+-----
Armour         | 4 5 6 7 8 |  8.6
Shields        | 4 5 6 7 9 |  9.9
Fighting       | 4 5 6 |  6.9
Long Blades    | 3 4 5 7 8 9 |  9.8
Dodging        | 1 2 |  2.7
Stealth        | |  0.5

Action                   |  1- 3 |  4- 6 |  7- 9 || total
-------------------------+-------+-------+-------++-------
Melee: Long sword        |   109 |   164 |   388 ||   661
       Headbutt          |    14 |    22 |    98 ||   134
       Falchion          |       |       |    54 ||    54
Evoke: Wand              |       |       |     1 ||     1
  Use: Scroll            |       |     7 |     6 ||    13
       Potion            |       |     3 |     2 ||     5
 Stab: Distracted        |       |     1 |       ||     1
  Eat: Ration            |     1 |       |       ||     1
       Chunk             |       |     7 |    16 ||    23
Armor: Scale mail        |    62 |     6 |       ||    68
       Chain mail        |       |    77 |   100 ||   177
       Plate armour      |       |       |    67 ||    67
Dodge: Dodged            |    31 |    27 |    86 ||   144
Block: Shield            |    55 |    90 |   267 ||   412
       Rpst.: Long sword |     9 |    10 |    30 ||    49
       Falchion          |       |       |     2 ||     2
